 Dungeon Crawl Stone Soup version 0.27.0-1-g7a089689b8 (webtiles) character file.

Game seed: 18277395962056241799

296 hawla the Covert (level 6, -5/37 HPs)
             Began as a Deep Elf Delver on Aug 6, 2021.
             Slain by a phantom (6 damage)
             ... on level 5 of the Dungeon.
             The game lasted 00:08:13 (734 turns).

hawla the Covert (Deep Elf Delver)                   Turns: 734, Time: 00:08:14

Health: -5/37      AC:  3    Str:  9    XL:     6   Next: 12%
Magic:  8/8        EV: 11    Int: 17    God:
Gold:   13         SH:  3    Dex: 16    Spells: 0/5 levels left

rFire    . . .     SeeInvis .   a - +0 short sword
rCold    . . .     Faith    .   h - +0 buckler
rNeg     . . .     Spirit   .   b - +0 leather armour
rPois    .         Reflect  .   (no helmet)
rElec    .         Harm     .   (no cloak)
rCorr    .         Rampage  .   (no gloves)
Will     .....                  (no boots)
Stlth    ++++......             (no amulet)
HPRegen  0.12/turn              (no ring)
MPRegen  0.11/turn              (no ring)

@: no status effects
A: no striking features
a: no special abilities


You were on level 5 of the Dungeon.
You visited 1 branch of the dungeon, and saw 2 of its levels.

You collected 13 gold pieces.

Inventory:

Hand Weapons
 a - a +0 short sword (weapon)
Armour
 b - a +0 leather armour (worn)
 h - a +0 buckler (worn)
Wands
 g - a wand of digging (3)
Scrolls
 c - a scroll of fog
 d - a scroll of magic mapping
 f - a scroll of noise {unknown}


   Skills:
 + Level 3.1 Fighting
 + Level 2.3 Short Blades
 + Level 2.9 Dodging
 + Level 9.0 Stealth
 + Level 0.0 Shields
 + Level 0.0 Spellcasting
 + Level 0.0 Conjurations
 + Level 0.0 Fire Magic
 + Level 0.1 Earth Magic
 + Level 1.5 Evocations


You couldn't memorise any spells.
You knew the following spells:

 Your Spells              Type           Power      Damage    Failure   Level
a - Bolt of Magma         Conj/Fire/Erth 0%         4d4       100%        5

Your spell library contained the following spells:

 Spells                   Type           Power      Damage    Failure   Level
 Corona                   Hex            0%         N/A       50%         1
 Ensorcelled Hibernation  Hex/Ice        0%         N/A       63%         2
 Ignite Poison            Fire/Tmut/Pois 0%         N/A       86%         3
 Mephitic Cloud           Conj/Pois/Air  0%         N/A       86%         3
 Tukima's Dance           Hex            0%         N/A       86%         3


Dungeon Overview and Level Annotations

Branches:
Dungeon (6/15)
 Temple: D:4-7

Altars:

Annotations:
D:6 3 runed translucent doors, 0gre's ghost, novice MiBe


Message History

The jelly is heavily wounded.
The jelly closely misses you.
You are too injured to fight recklessly!
You are too injured to fight recklessly!
You hit the jelly.
Your hands burn!
The jelly is severely wounded.
The jelly hits you.
* * * LOW HITPOINT WARNING * * *
You are splashed with acid!
* * * LOW HITPOINT WARNING * * *
You aren't carrying any potions.
As you read the scroll of fear, it crumbles to dust.
You assume a fearsome visage.
The jelly looks frightened!
An adder comes into view.
A phantom comes into view.
You see here a scroll labelled KEISUUJ QAOLAG.
You see here a scroll labelled KEISUUJ QAOLAG.
The helpless adder fails to defend itself.
You impale the adder!!
You kill the adder!
As you read the scroll labelled KEISUUJ QAOLAG, it crumbles to dust.
Wisps of shadow whirl around you...
It was a scroll of summoning.
The phantom hits you.
* * * LOW HITPOINT WARNING * * *
Your hound skeleton closely misses the phantom.
Your iguana bites the phantom.
You see here an adder corpse.
The phantom hits you.
* * * LOW HITPOINT WARNING * * *
The phantom blinks!
You blink.
Your iguana bites the phantom!
Your hound skeleton misses the phantom.
Your hound skeleton bites the phantom but does no damage.
Your iguana closely misses the phantom.
Your iguana bites the phantom.
The phantom barely misses your iguana.
Your hound skeleton misses the phantom.
You hit the phantom.
The phantom is almost destroyed.
Your hound skeleton bites the phantom.
The phantom hits you.
You die...

#... #.# ###... #.# ...... #.#
....$. ##.## ......########...#
.................#
......#......#.lZ# #..........#
#.#####......#†W.# #..........#
#.# #......#..@# #..........# #.#
#......##### #...o......#
#.#####......#########..........#
.....).................oo........
#.#####......####### #...o......#
#.# #......# #....o.....# #.#
.........# #.(.Z......#
#.#..........# #..........#
#.#...#####..# ######......


You could see a phantom (ally target), a friendly iguana (summoned) and a
friendly hound skeleton (summoned).

Vanquished Creatures
  A water moccasin (D:6)
  2 necrophages
  2 adders
  A shadow imp (D:6)
  A dart slug (D:5)
7 creatures vanquished.

Vanquished Creatures (others)
  2 fungi (D:5)
  2 plants (D:5)
4 creatures vanquished.

Grand Total: 11 creatures vanquished

Notes
Turn   | Place    | Note
-------+----------+-------------------------------------------
     0 | D:5      | hawla the Deep Elf Delver began the quest for the Orb.
     0 | D:5      | Reached XP level 1. HP: 13/13 MP: 3/3
    15 | D:5      | Noticed a necrophage
    19 | D:5      | Noticed a scorpion
    40 | D:6      | Found a runed translucent gate.
    40 | D:6      | Found a runed translucent gate.
    40 | D:6      | Found a runed translucent gate.
    40 | D:6      | Noticed 0gre's ghost (novice MiBe)
    40 | D:6      | Noticed a water moccasin
   324 | D:6      | Reached XP level 2. HP: 18/18 MP: 4/4
   331 | D:6      | Noticed a scorpion
   331 | D:6      | Noticed an ogre
   346 | D:6      | Noticed a necrophage
   356 | D:6      | Killed a necrophage
   357 | D:6      | Reached skill level 7 in Stealth
   357 | D:6      | Reached XP level 3. HP: 14/22 MP: 5/5
   357 | D:6      | Reached XP level 4. HP: 18/27 MP: 6/6
   472 | D:6      | Killed a water moccasin
   473 | D:6      | Reached skill level 8 in Stealth
   473 | D:6      | Reached skill level 1 in Evocations
   473 | D:6      | Reached XP level 5. HP: 29/32 MP: 7/7
   504 | D:5      | Killed a necrophage
   505 | D:5      | Reached skill level 9 in Stealth
   505 | D:5      | Reached XP level 6. HP: 27/37 MP: 8/8
   511 | D:5      | Learned a level 5 spell: Bolt of Magma
   729 | D:5      | HP: 1/37 [phantom (4)]
   734 | D:5      | Slain by a phantom

Illustrated notes

Levels and vault maps discovered:
D:5:      layout_basic, amethyst_overflow_temple_binary,
          gammafunk_ghost_nasty_kobolds, uniq_blork_the_orc
D:6:      layout_gridville, ebering_ghost_rock_garden

Skill      XL: |  1  2  3  4  5 |
---------------+----------------+-----
Stealth        | 7 8 9 |  9.0
Fighting       | 3 |  3.1
Evocations     | 1 |  1.5
Short Blades   | |  2.3
Dodging        | |  2.9
Earth Magic    | |  0.1

Action                   |  1- 3 |  4- 6 || total
-------------------------+-------+-------++-------
Melee: Short sword       |     4 |    13 ||    17
Evoke: Wand              |     8 |     5 ||    13
  Use: Potion            |     1 |       ||     1
       Scroll            |       |     2 ||     2
 Stab: Sleeping          |       |     1 ||     1
Armor: Leather armour    |       |     2 ||     2
Dodge: Dodged            |     4 |     8 ||    12
Block: Buckler           |       |     1 ||     1
